 Dungeon Crawl Stone Soup version 0.31-a0-221-gbddc013574 (webtiles) character file.

Game seed: 12214700472745003808

4658 Ijustatesigmund the Tainter (level 10, 0/65 HPs)
             Began as an Octopode Venom Mage on July 4, 2023.
             Was a Believer of Vehumet.
             Slain by an ice beast (8 damage)
             ... on level 8 of the Dungeon.
             The game lasted 00:24:54 (10702 turns).

Ijustatesigmund the Tainter (Octopode Venom Mage)  Turns: 10702, Time: 00:24:54

Health: 0/65       AC:  1    Str:  7    XL:     10   Next: 43%
Magic:  28/28      EV: 14    Int: 25    God:    Vehumet [**....]
Gold:   480        SH:  0    Dex: 13    Spells: 11/21 levels left

rFire   . . .        c - staff of Suicidal Tendencies {rPois MP+9 Int+3 SInv Poison}
rCold   . . .        (no shield)
rNeg    . . .        (helmet restricted)
rPois   +            n - amulet of magic regeneration
rElec   .            (no ring)
rCorr   .            (no ring)
SInv    +            (no ring)
Will    .....        (no ring)
Stlth   ++           (no ring)
HPRegen 0.30/turn    (no ring)
MPRegen 0.61/turn    (no ring)
                     (no ring)

%: no passive effects
@: confused, ambrosia-drunk
A: almost no armour, amphibious, 8 rings, camouflage 1, gelatinous body 1,
(nimble swimmer 1), tentacles
a: Renounce Religion


You were on level 8 of the Dungeon.
You worshipped Vehumet.
Vehumet was pleased with you.
You visited 2 branches of the dungeon, and saw 9 of its levels.

You collected 480 gold pieces.

Inventory:

Hand Weapons
 e - a +3 quarterstaff of chaos
 i - a +2 morningstar of freezing
 j - a +0 flail of protection
Missiles
 o - a throwing net
Magical Staves
 c - the staff of Suicidal Tendencies (weapon) {rPois MP+9 Int+3 SInv Poison}
   (You acquired it on level 7 of the Dungeon)

   [staff of poison]

   Base accuracy: +5 Base damage: 5 Base attack delay: 1.2 This weapon's minimum
   attack delay (0.6) is reached at skill level 12.
   Int:       It affects your intelligence (+3).
   rPois:     It protects you from poison.
   MP:        It affects your magic capacity (+9).
   SInv:      It lets you see invisible.
   Poison:    It increases the power of your Poison spells.
   It falls into the 'Staves' category.
   It is a one-tentacled weapon.
Jewellery
 l - a ring of fire
 n - an amulet of magic regeneration (around mantle)
Wands
 h - a wand of paralysis (4)
Scrolls
 d - a scroll of amnesia
Potions
 a - 2 potions of lignification
 b - a potion of brilliance {unknown}
 f - 3 potions of curing
 g - a potion of ambrosia
 k - 3 potions of enlightenment {unknown}


   Skills:
 - Level 4.7 Fighting
 + Level 3.9 Staves
 - Level 5.0 Dodging
 - Level 2.6 Stealth
 + Level 6.1 Spellcasting
 + Level 6.0 Conjurations
 - Level 1.0 Transmutations
 + Level 6.0 Air Magic
 + Level 8.4 Poison Magic
 - Level 2.1 Evocations


You had 11 spell levels left.
You knew the following spells:

 Your Spells              Type           Power      Damage    Failure   Level
a - Magic Dart            Conj           100%       1d8       1%          1
b - Poisonous Vapours     Pois/Air       100%       N/A       1%          2
c - Mephitic Cloud        Conj/Pois/Air  58%        N/A       1%          3
d - Olgreb's Toxic Radia  Pois           66%        N/A       2%          4

Your spell library contained the following spells:

 Spells                   Type           Power      Damage    Failure   Level
 Shock                    Conj/Air       100%       1d9       1%          1
 Sting                    Tmut/Pois      100%       1d8       1%          1
 Static Discharge         Conj/Air       74%        2-6/arc   1%          2
 Dazzling Flash           Conj/Hex       44%        N/A       6%          3
 Airstrike                Air            18%        2d(3-19)  6%          4
 Call Imp                 Summ           14%        N/A       11%         2
 Volatile Blastmotes      Fire/Tloc      14%        2d11      22%         3
 Iskenderun's Mystic Bla  Conj/Tloc      22%        2d6       22%         4
 Summon Lightning Spire   Summ/Air       22%        N/A       22%         4
 Starburst                Conj/Fire      11%        6d5       97%         6


Dungeon Overview and Level Annotations

Branches:
Dungeon (8/15)             Temple (1/1) D:4
   Lair: D:8-11

Altars:
Ashenzari
Cheibriados
Dithmenos
Elyvilon
Fedhas
Gozag
Hepliaklqana
Kikubaaqudgha
Makhleb
Nemelex Xobeh
Okawaru
Qazlal
Ru
Sif Muna
Uskayaw
Vehumet
Wu Jian
Xom
Yredelemnul
Zin
The Shining One

Annotations:
Temple 2 transporters


Innate Abilities, Weirdness & Mutations

You cannot wear most types of armour.
You are amphibious.
You can wear up to eight rings at the same time.
Your skin changes colour to match your surroundings (Stealth+).
Your rubbery body absorbs attacks. (AC +1, EV +1)
((You are camouflaged when in or above water. (Stealth+)))
You have tentacles for arms and can constrict up to eight enemies at once.


Message History

The ice beast hits you but does no damage.
You hit the ice beast but do no damage.
You envenom the ice beast.
The ice beast is moderately wounded.
The ice beast hits you. The ice beast freezes you!
You completely miss the ice beast. Your squeeze misses the ice beast.
The ice beast is moderately wounded.
The ice beast hits you. The ice beast freezes you!
* * * LOW HITPOINT WARNING * * *
You feel much better.
The ice beast hits you but does no damage.
You hit the ice beast but do no damage. Your squeeze misses the ice beast.
The ice beast is moderately wounded.
The ice beast hits you. The ice beast freezes you!
You hit the ice beast but do no damage.
You envenom the ice beast.
The ice beast is poisoned.
Your squeeze misses the ice beast.
The ice beast is moderately wounded.
The ice beast hits you. The ice beast freezes you!
* * * LOW HITPOINT WARNING * * *
Okay, then.
You are confused.
You feel invigorated. The ice beast closely misses you.
You hit the ice beast but do no damage.
The ice beast is heavily wounded.
The ice beast hits you. The ice beast freezes you!
* * * LOW HITPOINT WARNING * * *
You bump into the rock wall.
The ice beast hits you. The ice beast freezes you!
* * * LOW HITPOINT WARNING * * *
You barely miss the ice beast.
The ice beast is severely wounded.
The ice beast hits you.
* * * LOW HITPOINT WARNING * * *
The ice beast freezes you!
* * * LOW HITPOINT WARNING * * *
You hit the ice beast but do no damage. Your squeeze misses the ice beast.
The ice beast is severely wounded.
The ice beast looks more healthy.
The ice beast barely misses you.
You bump into the rock wall.
The ice beast hits you.
* * * LOW HITPOINT WARNING * * *
The ice beast freezes you!
You die...

.....>.....##...bbbbbb...
#.........#....b.bbb.###
................bbb.# )
.†........|.#######
)..K##....###.###########
)).....).###.............
...#####.##............##
#Y##.#..........(.
#@#..######.###..# #...####
##.....## .##########.....#
#...####
..............<.###..######
########....##.............
.... ###....(......#####.
.....##.............# ##
.....#...####..#..###
.........##.........######


You could see an ice beast.

Vanquished Creatures
  Maggie (D:7)
  Grinder (D:3)
  Sigmund (D:3)
  Eustachio (D:6)
  2 steam dragons
  Menkaure (D:5)
  Edmund (D:4)
  An ice beast (D:6)
  4 orc warriors
  A sky beast (D:6)
  4 black bears
  2 ogres (D:5)
  A centaur (D:7)
  A phantom (D:6)
  A kobold brigand (D:8)
  2 bullfrogs
  4 scorpions
  8 wights
  4 killer bees (D:8)
  2 howler monkeys
  3 vampire bats (D:7)
  A gnoll bouda (D:6)
  2 jellies
  2 orc priests (D:7)
  Crazy Yiuf (D:4)
  4 hounds
  5 sleepcaps
  6 iguanas
  3 orc wizards (D:8)
  4 gnolls (D:6)
  10 adders
  An ufetubus (D:7)
  An adder skeleton (D:2)
  2 worms
  2 dart slugs
  6 orcs
  12 endoplasms
  5 giant cockroaches
  9 goblins
  6 hobgoblins
  2 jackals (D:4)
  8 ball pythons
  A ball python skeleton (D:2)
  13 bats
  2 frilled lizards
  9 kobolds
  4 rats
167 creatures vanquished.

Notes
Turn   | Place    | Note
-------+----------+-------------------------------------------
     0 | D:1      | Ijustatesigmund the Octopode Venom Mage began the quest for
                  | the Orb.
     0 | D:1      | Reached XP level 1. HP: 11/11 MP: 3/3
   287 | D:1      | Reached XP level 2. HP: 12/18 MP: 5/5
   322 | D:1      | Learned a level 2 spell: Poisonous Vapours
   497 | D:1      | Reached skill level 1 in Fighting
   753 | D:1      | Reached skill level 4 in Poison Magic
  1198 | D:2      | Reached XP level 3. HP: 23/23 MP: 1/6
  1202 | D:2      | Learned a level 3 spell: Mephitic Cloud
  1269 | D:2      | Found a faded altar of an unknown god.
  1406 | D:2      | Reached skill level 1 in Air Magic
  1409 | D:2      | Reached XP level 4. HP: 13/28 MP: 1/7
  2103 | D:2      | Reached skill level 1 in Conjurations
  2503 | D:3      | Noticed Sigmund
  2765 | D:4      | Noticed Edmund
  2792 | D:4      | Killed Edmund
  2793 | D:4      | Reached skill level 5 in Poison Magic
  2793 | D:4      | Reached XP level 5. HP: 33/33 MP: 1/9
  3070 | D:4      | Reached XP level 6. HP: 38/38 MP: 3/11
  3270 | D:4      | Found a runed translucent door.
  3271 | D:4      | Noticed Crazy Yiuf
  3283 | D:4      | Killed Crazy Yiuf
  3433 | D:4      | You fall into a shaft and drop 3 floors!
  3459 | D:5      | Entered Level 5 of the Dungeon
  3712 | D:5      | Noticed a black bear
  3729 | D:5      | Killed a black bear
  3730 | D:5      | Reached XP level 7. HP: 30/43 MP: 7/12
  4145 | D:4      | Found a staircase to the Ecumenical Temple.
  4154 | Temple   | Entered the Ecumenical Temple
  4154 | Temple   | Found a transporter.
  4154 | Temple   | Found a transporter.
  4156 | Temple   | Found a transporter.
  4156 | Temple   | Found a transporter.
  4182 | Temple   | Became a worshipper of Vehumet
  4475 | D:5      | Reached skill level 6 in Poison Magic
  4539 | D:5      | Noticed Menkaure
  5320 | D:3      | Noticed Grinder
  5321 | D:3      | Paralysed by Grinder for 4 turns
  5332 | D:3      | Killed Grinder
  5333 | D:3      | Reached XP level 8. HP: 34/48 MP: 14/14
  5386 | D:3      | Learned a level 1 spell: Magic Dart
  5391 | D:3      | Learned a level 4 spell: Olgreb's Toxic Radiance
  5477 | D:3      | Killed Sigmund
  5687 | D:5      | Killed Menkaure
  5688 | D:5      | Reached skill level 7 in Poison Magic
  5739 | D:5      | Reached skill level 5 in Spellcasting
  5792 | D:5      | Reached skill level 5 in Air Magic
  6195 | D:5      | Reached skill level 5 in Conjurations
  6478 | D:6      | Reached XP level 9. HP: 46/53 MP: 8/17
  6480 | D:6      | Reached * piety under Vehumet
  6480 | D:6      | Offered knowledge of Sandblast by Vehumet.
  6486 | D:6      | Noticed Eustachio
  6706 | D:6      | Killed Eustachio
  6707 | D:6      | Reached skill level 8 in Poison Magic
  6987 | D:6      | Reached skill level 1 in Evocations
  7255 | D:6      | Found a snail-covered altar of Cheibriados.
  7535 | D:7      | Identified a scroll of acquirement
  7535 | D:7      | Acquired the staff of Suicidal Tendencies {rPois MP+9 Int+3
                  | SInv Poison}
  7808 | D:7      | Reached skill level 1 in Staves
  8443 | D:7      | Noticed Maggie
  8447 | D:7      | Reached XP level 10. HP: 12/63 MP: 19/19
  9677 | D:7      | Offered knowledge of Shock by Vehumet.
  9709 | D:7      | Reached ** piety under Vehumet
  9792 | D:7      | Killed Maggie
 10012 | D:7      | Found a broken altar of Ashenzari.
 10012 | D:7      | Found an ornate altar of the Wu Jian Council.
 10454 | D:8      | Reached skill level 5 in Dodging
 10700 | D:8      | HP: 2/65 [ice beast (14)]
 10702 | D:8      | Slain by an ice beast

Illustrated notes

Levels and vault maps discovered:
D:1:      sevenhm_arrival_forest_fort_small_4, layout_basic
D:2:      layout_rooms, basic_ecumenical_altar, serial_undead, serial_undead_f,
          serial_undead_d, serial_undead_b, serial_undead_f,
          kennysheep_generic_room_4
D:3:      layout_basic, serial_glass, glass_columns_a, glass_columns_a,
          uniq_grinder, uniq_sigmund
D:4:      layout_gridville, temple_green, uniq_edmund, uniq_crazy_yiuf_cottage
D:5:      layout_loops_ring, minivault_5, uniq_menkaure
D:6:      layout_cave_pools, chei_slow_surprise, minmay_alternating_orb,
          uniq_eustachio
D:7:      layout_basic, gammafunk_temple_overflow_pools, roderic_batcave,
          uniq_maggie
D:8:      layout_rooms
Temple:   hellmonk_temple_divided_pantheon

Skill      XL: |  1  2  3  4  5  6  7  8  9 10 |
---------------+-------------------------------+-----
Fighting       | 1 3 4 |  4.7
Poison Magic   | 4 5 6 7 8 |  8.4
Air Magic      | 1 2 3 4 5 6 |  6.0
Conjurations   | 2 4 5 6 |  6.0
Spellcasting   | 3 4 5 6 |  6.1
Evocations     | 2 |  2.1
Dodging        | 4 5 |  5.0
Staves         | 2 3 |  3.9
Stealth        | |  2.6
Transmutations | |  1.0

Action                     |  1- 3 |  4- 6 |  7- 9 | 10-12 || total
---------------------------+-------+-------+-------+-------++-------
  Melee: Unarmed           |     6 |       |       |       ||     6
         Constrict         |    14 |    16 |    38 |     8 ||    76
         Mace              |    36 |    12 |       |       ||    48
         Tentacles         |    10 |    18 |    45 |    15 ||    88
         Dagger            |       |    32 |       |       ||    32
         Flail             |       |    22 |   131 |       ||   153
         Staff             |       |       |    14 |    38 ||    52
         Punch             |       |       |       |     2 ||     2
   Cast: Sting             |    10 |    11 |     2 |       ||    23
         Poisonous Vapours |    19 |    27 |    55 |     7 ||   108
         Mephitic Cloud    |       |     5 |     4 |     2 ||    11
         Magic Dart        |       |       |    18 |    15 ||    33
         Olgreb's Toxic Ra |       |       |    10 |    12 ||    22
  Evoke: Wand              |       |       |     9 |     3 ||    12
    Use: Scroll            |     4 |     4 |     8 |     2 ||    18
         Potion            |     1 |     2 |     5 |     2 ||    10
   Stab: Sleeping          |     4 |     4 |     1 |       ||     9
         Invisible         |       |     2 |       |       ||     2
         Distracted        |       |     1 |       |       ||     1
         Confused          |       |       |     1 |       ||     1
         Paralysed         |       |       |    12 |    12 ||    24
 Armour: Skin              |     6 |     8 |    49 |     3 ||    66
  Dodge: Dodged            |    33 |    49 |   121 |    12 ||   215

Table legend: (Time is in decaauts)
 A = Elapsed time spent in this place.
 B = Non-inter-level travel time spent in this place.
 C = Inter-level travel time spent in this place.
 D = Time resting spent in this place.
 E = Time spent auto-exploring this place.
 F = Levels seen in this place.
 G = Mean time per level.
                   A        B        C        D        E       F      G
               +--------+--------+--------+--------+--------+-----+--------+
         Total |  10767 |  10506 |    261 |   4479 |   4534 |   9 | 1196.3 |
       Dungeon |  10698 |  10438 |    260 |   4479 |   4528 |   8 | 1337.2 |
        Temple |     68 |     68 |      0 |      0 |      6 |   1 |   68.0 |
               +--------+--------+--------+--------+--------+-----+--------+

Top non-repeatable levels by time:
     D:6: 1982 daAuts
     D:7: 1938 daAuts
     D:4: 1832 daAuts
     D:1: 1200 daAuts
     D:5: 1175 daAuts
     D:3: 1114 daAuts
     D:2: 1055 daAuts
     D:8: 400 daAuts
  Temple: 68 daAuts
